 Dungeon Crawl Stone Soup version 0.31-a0-982-g1816016f30 (webtiles) character file.

Game seed: 5215954006686593987

189 BinkBink the Changeling (level 5, 0/41 HPs)
             Began as a Merfolk Shapeshifter on Nov 2, 2023.
             Slain by an orc
             ... wielding a +0 club
              (3 damage)
             ... on level 3 of the Dungeon.
             The game lasted 00:02:57 (2079 turns).

BinkBink the Changeling (Merfolk Shapeshifter)      Turns: 2079, Time: 00:02:57

Health: 0/41       AC:  2    Str: 14    XL:     5   Next: 68%
Magic:  5/5        EV: 14    Int:  9    God:
Gold:   89         SH:  0    Dex: 16    Spells: 4/4 levels left

rFire   . .          .
                       - Unarmed
rCold   . . .        (no shield)
rNeg    . . .        a - +0 animal skin
rPois   .            (helmet currently unavailable)
rElec   .            (cloak currently unavailable)
rCorr   .            (gloves currently unavailable)
SInv    .            (boots currently unavailable)
Will    .....        g - amulet of regeneration
Stlth   +            (no ring)
HPRegen 1.06/turn    (no ring)
MPRegen 0.09/turn

%: no passive effects
@: brilliant, lethally poisoned (0 -> 0), beast-form
A: beast (slay +2), (nimble swimmer 2), mertail
a: Begin Untransformation


You were on level 3 of the Dungeon.
You were a hulking beast.
You visited 1 branch of the dungeon, and saw 3 of its levels.

You collected 89 gold pieces.

Inventory:

Armour
 a - a +0 animal skin (worn)
 j - a +1 pair of gloves
Jewellery
 g - an amulet of regeneration (around neck)
 o - a ring of protection from cold
Talismans
 c - a beast talisman (active)
 d - a flux talisman
Wands
 n - a wand of digging (7)
Scrolls
 m - a scroll of brand weapon
Potions
 b - 2 potions of lignification
 h - a potion of brilliance
 i - a potion of enlightenment {unknown}
 k - a potion of curing {unknown}
 l - a potion of ambrosia {unknown}


   Skills:
 + Level 3.0 Fighting
 + Level 4.3 Dodging
 + Level 4.4 Unarmed Combat
 + Level 5.1 Shapeshifting


You had 4 spell levels left.
You didn't know any spells.
Your spell library contained the following spells:

 Spells                   Type           Power      Damage    Failure   Level
 Tukima's Dance           Hex            0%         N/A       77%         3
 Passage of Golubria      Tloc           0%         N/A       99%         4
 Yara's Violent Unravell  Hex/Tmut       0%         3d3       100%        5


Dungeon Overview and Level Annotations

Branches:
Dungeon (3/15)

Altars:


Innate Abilities, Weirdness & Mutations

You are a hulking beast.
Your limbs bulge with bestial killing power. (Slay +2)
((You are very nimble when in or above water. (Stealth+, EV+, Speed+++)))
Your lower body shifts to a powerful aquatic tail in water.


Message History

You feel very sick. The scorpion stings you.
* * * LOW HITPOINT WARNING * * *
It was a potion of heal wounds.
You feel much better.
You feel very sick. The scorpion stings you.
* * * LOW HITPOINT WARNING * * *
You are lethally poisoned!
The scorpion poisons you! The scorpion stings you.
* * * LOW HITPOINT WARNING * * *
You feel much better.
You feel very sick. The scorpion stings you!
You hit the scorpion.
You kill the scorpion!
* * * LOW HITPOINT WARNING * * *
You feel very sick.
Your Fighting skill increases to level 3!
Your Shapeshifting skill increases to level 5!
It was a potion of brilliance.
You feel clever all of a sudden.
You feel very sick.
You hit the orc.
The orc is heavily wounded.
You feel very sick. The orc completely misses you.
You punch the orc!
You kill the orc!
You feel sick.
You hit the orc.
The orc is heavily wounded.
You feel sick. The orc misses you.
You hit the orc but do no damage.
The orc is heavily wounded.
You feel sick. The orc hits you with a +0 club.
* * * LOW HITPOINT WARNING * * *
You barely miss the orc.
The orc is heavily wounded.
You feel sick. The orc hits you with a +0 club.
You die...

###.#...##.###.#
#...###.##.#<#.#
##.......#.#.#
#......#.#...#
######...#####
#......>#
#.#####.# #.#
#h# #o# #o# #.#
#.# ..# ... ###


You could see 2 orcs.

Vanquished Creatures
  A scorpion (D:3)
  Natasha (thrice) (D:2)
  2 adders (D:2)
  A dart slug (D:2)
  An orc (D:3)
  8 ball pythons
  2 bats
  3 endoplasms
  2 giant cockroaches (D:1)
  4 goblins
  A hobgoblin (D:1)
  3 frilled lizards
  4 kobolds
  3 rats
38 creatures vanquished.

Notes
Turn   | Place    | Note
-------+----------+-------------------------------------------
     0 | D:1      | BinkBink the Merfolk Shapeshifter began the quest for the
                  | Orb.
     0 | D:1      | Reached XP level 1. HP: 15/15 MP: 1/1
   109 | D:1      | Found a faded altar of an unknown god.
   264 | D:1      | Reached XP level 2. HP: 21/21 MP: 2/2
  1143 | D:2      | Reached XP level 3. HP: 27/27 MP: 3/3
  1204 | D:2      | Noticed Natasha
  1245 | D:2      | Killed Natasha
  1246 | D:2      | Reached XP level 4. HP: 10/33 MP: 4/4
  1270 | D:2      | Noticed Natasha
  1277 | D:2      | Killed Natasha
  1284 | D:2      | Noticed Natasha
  1316 | D:2      | Killed Natasha
  1693 | D:2      | Reached XP level 5. HP: 39/39 MP: 5/5
  2070 | D:3      | HP: 1/39 [scorpion (6)]
  2074 | D:3      | Reached skill level 5 in Shapeshifting
  2079 | D:3      | Slain by an orc

Illustrated notes

Levels and vault maps discovered:
D:1:      dpeg_arrival_connections, layout_basic,
          dilly_ecumenical_altar_fadedgnrine, minmay_hexomino_p4
D:2:      layout_basic, uniq_natasha
D:3:      minmay_door_path, layout_basic, tso_altar

Skill      XL: |  1  2  3  4  5 |
---------------+----------------+-----
Dodging        | 3 4 |  4.3
Fighting       | 2 3 |  3.0
Unarmed Combat | 4 |  4.4
Shapeshifting  | 5 |  5.1

Action                     |  1- 3 |  4- 6 || total
---------------------------+-------+-------++-------
  Melee: Unarmed           |    63 |    44 ||   107
         Punch             |     4 |     2 ||     6
    Use: Scroll            |       |     5 ||     5
         Potion            |       |     3 ||     3
   Stab: Sleeping          |     1 |       ||     1
 Armour: Animal skin       |    34 |    28 ||    62
  Dodge: Dodged            |    44 |    16 ||    60
   Form: Beast             |     1 |       ||     1

Table legend: (Time is in decaauts)
 A = Elapsed time spent in this place.
 B = Non-inter-level travel time spent in this place.
 C = Inter-level travel time spent in this place.
 D = Time resting spent in this place.
 E = Time spent auto-exploring this place.
 F = Levels seen in this place.
 G = Mean time per level.
                   A        B        C        D        E       F      G
               +--------+--------+--------+--------+--------+-----+--------+
         Total |   2076 |   1877 |    199 |    241 |   1293 |   3 |  692.0 |
       Dungeon |   2076 |   1877 |    199 |    241 |   1293 |   3 |  692.0 |
               +--------+--------+--------+--------+--------+-----+--------+

Top non-repeatable levels by time:
     D:1: 1051 daAuts
     D:2: 908 daAuts
     D:3: 116 daAuts
